 Dungeon Crawl Stone Soup version 0.31.0-32-g396128a36d (webtiles) character file.

Game seed: 13034472718892206307

1925 Destapler the Chiller (level 8, -11/46 HPs)
             Began as a Deep Elf Ice Elementalist on Mar 6, 2024.
             Mangled by a two-headed ogre
             ... wielding a +0 giant club
              (23 damage)
             ... on level 6 of the Dungeon on Mar 16, 2024.
             The game lasted 00:40:32 (7990 turns).

Destapler the Chiller (Deep Elf Ice Elementalist)   Turns: 7990, Time: 00:40:38

Health: -11/46     AC: 11    Str:  5    XL:     8   Next: 96%
Magic:  9/19       EV: 13    Int: 23    God:
Gold:   290        SH:  0    Dex: 15    Spells: 8/19 levels left

rFire   x . .        a - +7 hammer "Xitz" {flame, +Blink rF- Will+ SInv}
rCold   . . .        (no shield)
rNeg    . . .        n - +0 robe
rPois   .            (no helmet)
rElec   .            e - +0 cloak
rCorr   .            (no gloves)
SInv    +            j - +0 pair of boots
Will    +....        (no amulet)
Stlth   ++           (no ring)
HPRegen 0.27/turn    (no ring)
MPRegen 0.16/turn

%: no passive effects
@: ice-armoured, very slightly contaminated
A: no striking features
a: Evoke Blink


You were on level 6 of the Dungeon.
You visited 1 branch of the dungeon, and saw 6 of its levels.

You collected 290 gold pieces.

Inventory:

Hand Weapons
 a - the +7 hammer "Xitz" (weapon) {flame, +Blink rF- Will+ SInv}
   (You found it on level 2 of the Dungeon)

   rF-:       It makes you vulnerable to fire.
   Will+:     It increases your willpower.
   SInv:      It lets you see invisible.
   +Blink:    It lets you blink.
 c - a +1 short sword
Armour
 e - a +0 cloak (worn)
 j - a +0 pair of boots (worn)
 n - a +0 robe (worn)
Magical Staves
 d - a staff of fire
Jewellery
 i - an amulet of faith
Wands
 o - a wand of digging (8)
Scrolls
 f - 4 scrolls of teleportation
 g - a scroll of enchant weapon
 h - a scroll of poison {unknown}
 k - 2 scrolls of fog {unknown}
 p - a scroll of immolation {unknown}
 q - a scroll of amnesia {unknown}
 r - 2 scrolls of identify
Potions
 b - a potion of magic
 l - 5 potions of degeneration
 m - a potion of heal wounds {unknown}


   Skills:
 - Level 3.0 Fighting
 - Level 2.7 Short Blades
 + Level 4.4 Maces & Flails
 + Level 3.3 Dodging
 + Level 3.4 Stealth
 - Level 6.0 Spellcasting
 - Level 3.0 Conjurations
 + Level 1.3 Summonings
 + Level 1.7 Translocations
 - Level 3.0 Fire Magic
 - Level 6.0 Ice Magic
 + Level 1.4 Air Magic
 - Level 3.0 Evocations


You had 8 spell levels left.
You knew the following spells:

 Your Spells              Type           Power      Damage    Failure   Level
a - Freeze                Ice            100%       1d10      1%          1
b - Frozen Ramparts       Ice            68%        1d11      2%          3
c - Ozocubu's Armour      Ice            34%        N/A       2%          3
d - Foxfire               Conj/Fire      80%        2x1d8     2%          1
e - Summon Ice Beast      Ice/Summ       23%        N/A       5%          3

Your spell library contained the following spells:

 Spells                   Type           Power      Damage    Failure   Level
 Magic Dart               Conj           80%        1d7       2%          1
 Searing Ray              Conj           40%        2d5       3%          2
 Fulminant Prism          Conj/Alch      6%         3d6       41%         4
 Vhi's Electric Charge    Tloc/Air       28%        N/A       41%         4
 Arcjolt                  Conj/Air       8%         1d18      67%         5
 Starburst                Conj/Fire      10%        6d5       98%         6
 Plasma Beam              Fire/Air       8%         2x1d19    99%         6
 Maxwell's Capacitive Co  Air            6%         ∞         100%        8


Dungeon Overview and Level Annotations

Branches:
Dungeon (6/15)
 Temple: D:4-7

Altars:
Makhleb
Nemelex Xobeh
Okawaru

Shops:
D:3 [:*   D:4 ?


Message History

The wyvern closely misses your ice beast.
The wyvern barely misses your ice beast.
Your ice beast barely misses the wyvern.
The wyvern bites your ice beast.
Your ice beast hits the wyvern.
Your ice beast freezes the wyvern!
The wyvern bites your ice beast!
The wyvern barely misses your ice beast.
Your ice beast hits the wyvern.
Your ice beast freezes the wyvern!
The wyvern dies!
A two-headed ogre is nearby!
You climb upwards.
Your icy armour cracks and falls away as you move.
There is a stone staircase leading down here.
You see here the +2 pair of boots of Essocs {Harm rC+}.
There is a stone staircase leading down here.
You start resting.
Magic restored.
Search for what [? for help]? art You climb downwards.
There is a stone staircase leading up here.
Casting: Foxfire (safe; 2% risk of failure)
Confirm with . or Enter, or press ? or * to list all spells.
A film of ice covers your body!
Casting: Ozocubu's Armour (dangerous; 2% risk of failure)
Confirm with . or Enter, or press ? or * to list all spells.
You miscast Summon Ice Beast.
You are very lightly contaminated with residual magic.
Nothing appears to happen.
Casting: Summon Ice Beast (dangerous; 5% risk of failure)
Confirm with . or Enter, or press ? or * to list all spells.
A chill wind blows around you. The two-headed ogre closely misses you.
The two-headed ogre hits you with a +0 giant spiked club!!
Casting: Summon Ice Beast (dangerous; 5% risk of failure)
Confirm with . or Enter, or press ? or * to list all spells.
You conjure some foxfire!
The two-headed ogre hits you with a +0 giant club!
* * * LOW HITPOINT WARNING * * *
The two-headed ogre hits you with a +0 giant spiked club!!
Ouch! That really hurt!
You die...

##############
......Yvv....#
.......@O<...#
.####.###.#..#
PP P.P.?# ..
.P.P.... .P
PPP.P?.... P
..P..##.#


PP† .. # ..P ## You could see a two-headed ogre (ally target) and a friendly ice
beast (summoned).

Vanquished Creatures
  Grinder (D:3)
  Sigmund (D:2)
  Eustachio (D:5)
  A water moccasin (D:4)
  5 scorpions
  A howler monkey (D:5)
  2 bombardier beetles
  4 hounds
  A gnoll bouda (D:5)
  A jelly (D:5)
  Crazy Yiuf (D:2)
  Terence (D:3)
  3 iguanas (D:4)
  A sleepcap (D:5)
  Natasha (thrice) (D:4)
  4 orc wizards
  Robin (D:4)
  8 gnolls
  8 adders
  3 ribbon worms (D:2)
  12 orcs
  6 endoplasms
  2 giant cockroaches
  10 goblins
  11 hobgoblins
  4 jackals
  7 kobolds
  4 quokkas
  9 ball pythons
  6 bats
  4 frilled lizards
  5 rats
131 creatures vanquished.

Vanquished Creatures (collateral kills)
  A wyvern (D:6)
  18 foxfires (D:6)
19 creatures vanquished.

Vanquished Creatures (others)
  123 foxfires
123 creatures vanquished.

Grand Total: 273 creatures vanquished

Notes
Turn   | Place    | Note
-------+----------+-------------------------------------------
     0 | D:1      | Destapler the Deep Elf Ice Elementalist began the quest for
                  | the Orb.
     0 | D:1      | Reached XP level 1. HP: 10/10 MP: 6/6
   251 | D:1      | Reached skill level 1 in Fighting
   315 | D:1      | Reached XP level 2. HP: 16/16 MP: 4/8
  1149 | D:2      | Reached XP level 3. HP: 5/21 MP: 4/9
  1352 | D:2      | Reached skill level 1 in Short Blades
  1935 | D:2      | Noticed Sigmund
  2244 | D:2      | Found a runed translucent door.
  2245 | D:2      | Noticed Crazy Yiuf
  2255 | D:2      | Killed Crazy Yiuf
  2256 | D:2      | Reached XP level 4. HP: 4/26 MP: 6/10
  2262 | D:2      | Identified the +7 hammer "Xitz" {flame, +Blink rF- Will+
                  | SInv}
  2402 | D:2      | Learned a level 3 spell: Frozen Ramparts
  2406 | D:2      | Learned a level 3 spell: Ozocubu's Armour
  2515 | D:2      | Killed Sigmund
  2516 | D:2      | Reached skill level 1 in Maces & Flails
  2516 | D:2      | Reached skill level 5 in Ice Magic
  2516 | D:2      | Reached XP level 5. HP: 25/30 MP: 1/11
  3370 | D:3      | Found an iron altar of Okawaru.
  3372 | D:3      | Reached XP level 6. HP: 35/35 MP: 10/12
  3386 | D:3      | Found Pufu Poe's Book Shop.
  3421 | D:3      | Found Ygelop's General Store.
  3504 | D:3      | Noticed Grinder
  3505 | D:3      | Found a sparkling altar of Nemelex Xobeh.
  3513 | D:3      | Paralysed by Grinder for 3 turns
  3514 | D:3      | HP: 1/35 [Grinder (5)]
  3526 | D:3      | Killed Grinder
  3665 | D:3      | Noticed Terence
  3670 | D:3      | Killed Terence
  3785 | D:3      | Found Maedat's Armour Shop.
  3832 | D:3      | Upgraded the game from 0.31.0-12-g77e489cdc1 to
                  | 0.31.0-32-g396128a36d
  3843 | D:3      | Learned a level 1 spell: Foxfire
  4141 | D:3      | Reached XP level 7. HP: 40/40 MP: 10/13
  4638 | D:4      | Noticed Natasha
  4642 | D:4      | Killed Natasha
  4775 | D:4      | Found Yklixuwkei's Magic Scroll Boutique.
  4897 | D:4      | Noticed Natasha
  4903 | D:4      | Killed Natasha
  4982 | D:4      | Found a burning altar of Makhleb.
  5025 | D:4      | Reached skill level 1 in Fire Magic
  5091 | D:4      | Noticed Robin
  5131 | D:4      | Noticed Natasha
  5379 | D:4      | Killed Robin
  5588 | D:4      | Reached XP level 8. HP: 46/46 MP: 9/17
  5751 | D:4      | Reached skill level 5 in Spellcasting
  6136 | D:4      | Killed Natasha
  6296 | D:4      | Found a burning altar of Makhleb.
  6463 | D:4      | Found Yklixuwkei's Magic Scroll Boutique.
  6793 | D:5      | Entered Level 5 of the Dungeon
  6950 | D:5      | Reached skill level 1 in Conjurations
  7342 | D:5      | Learned a level 3 spell: Summon Ice Beast
  7377 | D:5      | Identified the +2 pair of boots of Essocs {Harm rC+}
  7449 | D:5      | Noticed Eustachio
  7464 | D:5      | Killed Eustachio
  7465 | D:5      | Reached skill level 1 in Translocations
  7465 | D:5      | Reached skill level 1 in Air Magic
  7641 | D:5      | Reached skill level 1 in Summonings
  7799 | D:6      | Noticed a two-headed ogre
  7990 | D:6      | Mangled by a two-headed ogre

Illustrated notes

Levels and vault maps discovered:
D:1:      erik_arrival_cave_to_civilisation [erik_arrival_cave_to_hall],
          layout_basic
D:2:      layout_basic, minmay_misc_feat_secret_circle, uniq_sigmund,
          uniq_crazy_yiuf_cottage
D:3:      layout_loops_corners, nemelex_spade_bored_becter,
          okawaru_metal_pillars_3, serial_shops, shop,
          nicolae_shop_advertising_works [nicolae_subvault_shop_adworks],
          nicolae_shop_just_a_little_nook, uniq_grinder, uniq_terence
D:4:      layout_gridville, mainiacjoe_overflow_concentric_impassable,
          serial_shops, nicolae_take_the_stairs, uniq_natasha, uniq_robin
D:5:      layout_loops_ring, kennysheep_doodads, uniq_eustachio
D:6:      layout_loops_ring, mainiacjoe_overflow_small_starburst, temple_hall,
          minmay_hedge_maze, uniq_duvessa, uniq_menkaure, uniq_maggie

Skill      XL: |  1  2  3  4  5  6  7  8 |
---------------+-------------------------+-----
Fighting       | 1 2 3 |  3.0
Short Blades   | 2 |  2.7
Maces & Flails | 1 3 4 |  4.4
Ice Magic      | 5 6 |  6.0
Evocations     | 2 3 |  3.0
Spellcasting   | 4 6 |  6.0
Fire Magic     | 2 3 |  3.0
Conjurations   | 3 |  3.0
Dodging        | 3 |  3.3
Stealth        | 3 |  3.4
Translocations | 1 |  1.7
Air Magic      | 1 |  1.4
Summonings     | 1 |  1.3

Action                     |  1- 3 |  4- 6 |  7- 9 || total
---------------------------+-------+-------+-------++-------
  Melee: Short sword       |    34 |     1 |       ||    35
         Mace              |       |    15 |    83 ||    98
   Cast: Freeze            |    48 |    14 |    17 ||    79
         Frozen Ramparts   |       |     2 |    14 ||    16
         Ozocubu's Armour  |       |     1 |    11 ||    12
         Foxfire           |       |       |    83 ||    83
         Summon Ice Beast  |       |       |     3 ||     3
    Use: Scroll            |     2 |     4 |       ||     6
         Potion            |       |     3 |       ||     3
   Stab: Sleeping          |     8 |     5 |     2 ||    15
         Distracted        |     1 |     1 |       ||     2
 Armour: Robe              |    31 |    18 |    55 ||   104
  Dodge: Dodged            |    28 |    12 |    74 ||   114
